 Dungeon Crawl Stone Soup version 0.30-b1-2-g02819fbbbe (webtiles) character file.

Game seed: 9673658918671245106

17390 redmage the Thaumaturge (level 13, -17/113 HPs)
             Began as a Meteoran Ice Elementalist on July 24, 2023.
             Was a Priest of Vehumet.
             Demolished by a death yak simulacrum (27 damage)
             ... in a Gauntlet.
             The game lasted 00:38:24 (2009 turns).

redmage the Thaumaturge (Meteoran Ice Elementalist) Turns: 2009, Time: 00:38:25

Health: -17/113    AC: 19    Str: 18    XL:     13   Next: 14%
Magic:  12/30      EV: 14    Int: 21    God:    Vehumet [***...]
Gold:   273        SH:  0    Dex: 14    Spells: 20/36 levels left

rFire   . . .        t - +2 dagger (elec)
rCold   . . .        (no shield)
rNeg    + . .        m - +0 steam dragon scales
rPois   .            l - +2 hat {Will+}
rElec   .            n - +0 cloak
rCorr   .            (no gloves)
SInv    .            (no boots)
Will    ++...        (no amulet)
Stlth   +            i - +6 ring of strength
HPRegen 0.38/turn    p - ring of positive energy
MPRegen 0.22/turn

%: no teleportation
@: ice-armoured (expiring), freezing walls, glowing, studying Axes
A: sense surroundings 2, otherworldly, glowing, explore regen
a: Renounce Religion


You were in a Gauntlet.
You worshipped Vehumet.
Vehumet was most pleased with you.
You visited 3 branches of the dungeon, and saw 13 of its levels.
You also visited: Sewer and Gauntlet.

You collected 273 gold pieces.

Inventory:

Hand Weapons
 r - a +2 flail of protection
 t - a +2 dagger of electrocution (weapon)
 w - a -2 demon whip of venom
Missiles
 b - 5 poisoned darts (quivered)
 h - 6 javelins
 o - 4 boomerangs
 q - a curare-tipped dart
Armour
 l - a +2 hat of willpower (worn)
 m - +0 steam dragon scales (worn)
 n - a +0 cloak (worn)
Magical Staves
 u - the staff of death "Uxock" {Fragile rN+ rCorr Int-3 Stlth+}
   (You found it in a Gauntlet)

   [staff of death]

   Base accuracy: +5 Base damage: 5 Base attack delay: 1.2 This weapon's minimum
   attack delay (0.6) is reached at skill level 12.
   Int:       It affects your intelligence (-3).
   rN:        It protects you from negative energy.
   rCorr:     It protects you from acid and corrosion.
   Fragile:   It will be destroyed if unequipped.
   Stlth:     It makes you more stealthy.
   It falls into the 'Staves' category.
   It is a one-handed weapon.
Jewellery
 c - a ring of see invisible
 f - a ring of fire
 i - a +6 ring of strength (left hand)
 p - a ring of positive energy (right hand)
Wands
 a - a wand of flame (4)
Scrolls
 g - a scroll of vulnerability
 j - a scroll of teleportation
 s - a scroll of poison
 x - a scroll of immolation
Potions
 d - 2 potions of curing
 k - 2 potions of cancellation
 v - a potion of might {unknown}
 z - a potion of brilliance {unknown}


   Skills:
 - Level 10.0 Fighting
 - Level 10.9 Armour
 - Level 5.6 Dodging
 - Level 3.7 Stealth
 - Level 12.3 Spellcasting
 * Level 5.0 Conjurations
 - Level 5.0 Summonings
 - Level 8.8 Ice Magic
 * Level 5.0 Air Magic


You had 20 spell levels left.
You knew the following spells:

 Your Spells              Type           Power      Damage    Failure   Level
a - Freeze                Ice            100%       1d10      1%          1
b - Frozen Ramparts       Ice            100%       1d16      1%          3
c - Ozocubu's Armour      Ice            50%        N/A       1%          3
d - Summon Ice Beast      Ice/Summ       42%        N/A       3%          4
e - Arcjolt               Conj/Air       17%        1d27      5%          5

Your spell library contained the following spells:

 Spells                   Type           Power      Damage    Failure   Level
 Dazzling Flash           Conj/Hex       46%        N/A       1%          3
 Vhi's Electric Charge    Tloc/Air       46%        N/A       5%          3
 Maxwell's Capacitive Co  Air            17%        ∞         100%        8


Dungeon Overview and Level Annotations

Branches:
Dungeon (9/15) Zot: 4136   Temple (1/1) D:7 Zot: 573    Lair (3/5) D:9 Zot: 1253
  Swamp (0/4) Lair:2       Spider (0/4) Lair:2        Sewer (visited)
Gauntlet (1/1) Zot: 481
    Orc: D:9-12

Altars:
Elyvilon
Fedhas
Gozag
Kikubaaqudgha
Makhleb
Nemelex Xobeh
Vehumet
Xom
Yredelemnul
Zin
The Shining One

Annotations:
Lair:1 1 transporter, PaleRider's ghost, journeyman OpTm Gauntlet 4 transporters, 1 runed translucent door


Innate Abilities, Weirdness & Mutations

You passively map the area around you.
You are easily found by Zot.
You glow in the dark.
You regain HP and MP as you explore.


Message History

Your Air Magic skill increases to level 5!
Unknown command.
Unknown command.
Unknown command.
You feel much better. The death yak simulacrum gores you.
The death yak simulacrum freezes you!!
* * * LOW HITPOINT WARNING * * *
You feel much better.
Your icy armour starts to melt.
The wall freezes the death yak simulacrum but does no damage.
The death yak simulacrum gores you but does no damage.
Casting: Arcjolt (dangerous; 5% risk of failure)
Confirm with . or Enter, or press ? or * to list all spells.
Electricity surges outward!
The death yak simulacrum is struck by an electric surge!
The death yak simulacrum is severely damaged.
The death yak simulacrum is struck by an electric surge!
The death yak simulacrum is moderately damaged.
The death yak simulacrum completely resists.
The wall freezes the death yak simulacrum but does no damage.
The death yak simulacrum gores you. The death yak simulacrum freezes you!!
* * * LOW HITPOINT WARNING * * *
The death yak simulacrum gores you but does no damage.
Unknown command.
Unknown command.
Unknown command.
Unknown command.
Casting: Arcjolt (dangerous; 5% risk of failure)
Confirm with . or Enter, or press ? or * to list all spells.
Electricity surges outward!
The death yak simulacrum is struck by an electric surge!
The death yak simulacrum vaporises!
The death yak simulacrum is struck by an electric surge.
The death yak simulacrum is moderately damaged.
The death yak simulacrum completely resists.
The wall freezes the death yak simulacrum but does no damage.
The death yak simulacrum gores you.
* * * LOW HITPOINT WARNING * * *
The death yak simulacrum freezes you!!
You die...

* ..#8.. #....≈ ,,,
. .#©...#.8..## , ,
.⌠ #8..©#....≈## ©
.8. ########.≈≈# *
8 ...# [.©|..#.≈# ,
#...#.#####.#.##
,#.8.#.#≈≈≈#.#.≈##
* ©
#.∩.#.#.☼.#.#.≈≈# *
8 #.8.#.+..@Z)#.≈#
, #...#.#####.#.##
#...#.......#.≈##
#.8.#########.≈≈#
**
8,#.⌠.#8..©#....≈##
,, #.8.#©...#.8..##
* #...#8..©#....≈##
*~
#...#########.≈≈#
##..#...©...#.≈#*


You could see a death yak simulacrum.

Vanquished Creatures
  4 death yaks (Gauntlet)
  Amaemon (Lair:1)
  A necromancer (Gauntlet)
  6 elephants (Lair:3)
  2 black mambas
  5 cane toads
  A rime drake (Lair:3)
  A komodo dragon (Lair:3)
  A dream sheep (Lair:1)
  4 blink frogs (Lair:3)
  11 yaks
  A steam dragon (D:7)
  2 wyverns
  A basilisk (Lair:1)
  6 water moccasins
  Pargi (Sewer)
  2 orc warriors (D:9)
  3 black bears
  4 wolves
  A centaur (D:7)
  A kobold brigand (D:7)
  6 bullfrogs
  3 scorpions
  2 wights (D:7)
  2 hounds
  2 sleepcaps
  An iron imp (Gauntlet)
  3 orc priests
  3 iguanas
  4 orc wizards
  4 adders
  2 river rats (D:4)
  A shadow imp (D:7)
  A nameless horror (Gauntlet)
  A worm (D:4)
  14 orcs
  A ball python (D:4)
  4 giant cockroaches (D:4)
  6 hobgoblins
  6 frilled lizards
  5 kobolds (D:7)
130 creatures vanquished.

Vanquished Creatures (collateral kills)
  Gastronok (Lair:1)
  A two-headed ogre (D:9)
  A necromancer (Gauntlet)
  A cane toad (Lair:2)
  An orange demon (Lair:1)
  A ynoxinul (Gauntlet)
  4 yaks (Lair:1)
  A basilisk (Lair:1)
  A black bear (D:9)
  An iron imp (Gauntlet)
  An orc wizard (D:9)
  An orc (D:9)
15 creatures vanquished.

Vanquished Creatures (others)
  A fungus (Lair:3)
  6 plants
7 creatures vanquished.

Grand Total: 152 creatures vanquished

Notes
Turn   | Place    | Note
-------+----------+-------------------------------------------
     0 | D:1      | redmage the Meteoran Ice Elementalist began the quest for
                  | the Orb.
     0 | D:1      | Reached XP level 1. HP: 14/14 MP: 5/5
   137 | D:3      | Reached skill level 3 in Spellcasting
   137 | D:3      | Reached XP level 2. HP: 20/20 MP: 1/7
   176 | D:4      | Reached XP level 3. HP: 26/26 MP: 4/8
   180 | D:4      | Learned a level 3 spell: Frozen Ramparts
   184 | D:4      | Learned a level 3 spell: Ozocubu's Armour
   276 | D:4      | Reached XP level 4. HP: 24/33 MP: 3/10
   300 | D:4      | Found a glowing drain.
   317 | Sewer    | Entered a sewer
   334 | Sewer    | Noticed Pargi
   342 | Sewer    | Killed Pargi
   343 | Sewer    | Reached skill level 4 in Spellcasting
   343 | Sewer    | Reached skill level 5 in Ice Magic
   343 | Sewer    | Reached XP level 5. HP: 26/38 MP: 4/12
   343 | Sewer    | Reached XP level 6. HP: 31/45 MP: 4/13
   409 | D:5      | Entered Level 5 of the Dungeon
   576 | D:6      | Reached XP level 7. HP: 48/50 MP: 7/15
   608 | D:6      | Reached skill level 5 in Spellcasting
   608 | D:6      | Noticed a water moccasin
   612 | D:6      | Killed a water moccasin
   613 | D:6      | Reached skill level 5 in Dodging
   628 | D:7      | Noticed a steam dragon
   635 | D:7      | Killed a steam dragon
   636 | D:7      | Reached XP level 8. HP: 20/57 MP: 1/17
   716 | D:7      | Found an opulent altar of Gozag.
   749 | D:7      | Found a staircase to the Ecumenical Temple.
   837 | D:6      | Found a glowing silver altar of Zin.
   861 | D:6      | Found a white marble altar of Elyvilon.
   862 | D:6      | Found a glowing golden altar of the Shining One.
   930 | D:6      | Learned a level 4 spell: Summon Ice Beast
   939 | D:7      | Reached skill level 1 in Summonings
  1032 | Temple   | Entered the Ecumenical Temple
  1046 | Temple   | Became a worshipper of Vehumet
  1071 | D:7      | Noticed a wyvern
  1085 | D:7      | Killed a wyvern
  1086 | D:7      | Gained mutation: You passively map the area around you.
                  | [Meteoran growth]
  1086 | D:7      | Reached XP level 9. HP: 31/62 MP: 7/18
  1117 | D:7      | Reached skill level 5 in Summonings
  1121 | D:7      | Reached * piety under Vehumet
  1121 | D:7      | Offered knowledge of Shock by Vehumet.
  1186 | D:8      | Found a blossoming altar of Fedhas.
  1246 | D:9      | Reached skill level 1 in Fighting
  1246 | D:9      | Reached skill level 1 in Armour
  1246 | D:9      | Reached skill level 6 in Spellcasting
  1271 | D:9      | Reached XP level 10. HP: 63/77 MP: 14/21
  1275 | D:9      | Noticed a two-headed ogre
  1285 | D:9      | Killed a two-headed ogre
  1286 | D:9      | Reached skill level 7 in Spellcasting
  1314 | D:9      | Reached skill level 5 in Armour
  1324 | D:9      | Found a staircase to the Lair.
  1330 | D:9      | Reached skill level 8 in Spellcasting
  1346 | Lair:1   | Entered Level 1 of the Lair of Beasts
  1346 | Lair:1   | Noticed Gastronok
  1362 | Lair:1   | Reached skill level 5 in Fighting
  1382 | Lair:1   | Killed Gastronok
  1383 | Lair:1   | Reached skill level 9 in Spellcasting
  1429 | Lair:1   | Reached XP level 11. HP: 71/89 MP: 19/25
  1439 | Lair:1   | Found a transporter.
  1453 | Lair:1   | Found a transporter.
  1491 | Lair:1   | Noticed PaleRider's ghost (journeyman OpTm)
  1498 | Lair:1   | Noticed Amaemon
  1510 | Lair:1   | Killed Amaemon
  1511 | Lair:1   | Reached skill level 10 in Spellcasting
  1520 | Lair:1   | Noticed a black mamba
  1529 | Lair:1   | Killed a black mamba
  1621 | Lair:1   | Reached ** piety under Vehumet
  1634 | Lair:1   | Offered knowledge of Sandblast by Vehumet.
  1637 | Lair:1   | Reached skill level 11 in Spellcasting
  1641 | Lair:1   | Reached XP level 12. HP: 51/103 MP: 24/28
  1756 | Lair:3   | Reached skill level 10 in Armour
  1775 | Lair:3   | Reached skill level 12 in Spellcasting
  1812 | Lair:3   | Offered knowledge of Dazzling Flash by Vehumet.
  1840 | Lair:3   | Reached skill level 10 in Fighting
  1882 | Lair:3   | Found a gate leading to a gauntlet.
  1891 | Gauntlet | Entered a Gauntlet
  1891 | Gauntlet | Found a transporter.
  1898 | Gauntlet | Learned a level 5 spell: Arcjolt
  1904 | Gauntlet | Found a transporter.
  1904 | Gauntlet | Found a transporter.
  1911 | Gauntlet | Reached *** piety under Vehumet
  1912 | Gauntlet | Found a transporter.
  1927 | Gauntlet | Reached skill level 1 in Conjurations
  1927 | Gauntlet | Reached skill level 1 in Air Magic
  1931 | Gauntlet | Identified the staff of death "Uxock" {Fragile rN+ rCorr
                  | Int-3 Stlth+}
  1937 | Gauntlet | Noticed a necromancer
  1940 | Gauntlet | Found a transporter.
  1940 | Gauntlet | Found a transporter.
  1940 | Gauntlet | Found a transporter.
  1946 | Gauntlet | Killed a necromancer
  1954 | Gauntlet | Noticed a necromancer
  1958 | Gauntlet | Noticed a death yak
  1959 | Gauntlet | Noticed a death yak
  1961 | Gauntlet | Noticed a death yak
  1961 | Gauntlet | Found a runed translucent door.
  1961 | Gauntlet | Found a runed translucent door.
  1963 | Gauntlet | Noticed a death yak
  1967 | Gauntlet | Found a transporter.
  1968 | Gauntlet | Found a transporter.
  1981 | Gauntlet | Killed a death yak
  1986 | Gauntlet | Killed a death yak
  1987 | Gauntlet | Reached XP level 13. HP: 93/113 MP: 22/30
  1993 | Gauntlet | Killed a death yak
  2002 | Gauntlet | HP: 2/113 [death yak (5)]
  2005 | Gauntlet | Killed a death yak
  2006 | Gauntlet | Reached skill level 5 in Conjurations
  2006 | Gauntlet | Reached skill level 5 in Air Magic
  2009 | Gauntlet | Demolished by a death yak simulacrum

Illustrated notes

Levels and vault maps discovered:
D:1:      ebering_trefoil_3fold, layout_basic,
          dreamdust_ecumenical_altar_hidden_monk_grotto, palyth_stone_intersect
D:2:      layout_basic, minmay_misc_feat_rows
D:3:      layout_basic, nzn_hepliaklqana_mist_gate, serial_shops,
          nicolae_lakefront_shop
D:4:      layout_loops_cross, lemuel_round_altar, gup_sewer_entry_bubbles,
          kennysheep_generic_room_8
D:5:      layout_loops_corners, kennysheep_little_box,
          kennysheep_generic_room_16
D:6:      layout_loops_ring, good_gods_temple_1, general_overflow_altar,
          nicolae_ru_sacrificial_ziggurat, kennysheep_slug_shrine,
          mrwooster_statue_mirror
D:7:      layout_gridville, nicolae_gozag_seed_capital,
          minmay_temple_entry_glassed_door, minmay_bent, uniq_menkaure
D:8:      layout_gridville, mainiacjoe_overflow_surrounded_room,
          old_standard_altar
D:9:      layout_stronghold, nicolae_sif_muna_little_library,
          grunt_lair_entry_orc_guard_hut
Temple:   nicolae_temple_stand_before_the_council
Lair:1:   layout_regular_city, nzn_ghost_randoct, worms_lemuel, uniq_gastronok,
          uniq_amaemon
Lair:2:   layout_regular_city, minmay_swamp_entry_eels,
          nicolae_spider_entry_lesser_pyramids, nicolae_lair_lakeside_cave
Lair:3:   layout_regular_city, gauntlet_entry_generic
Gauntlet: gammafunk_gauntlet_77_escape_option [minmay_gauntlet_arena_77_fan,
          minmay_gauntlet_arena_77_chump_sandwich,
          minmay_gauntlet_arena_77_shame_cube,
          minmay_gauntlet_arena_77_run_for_it,
          minmay_gauntlet_arena_77_checkered, gauntlet_exit_hidden_loot]

Skill      XL: |  1  2  3  4  5  6  7  8  9 10 11 12 13 |
---------------+----------------------------------------+-----
Spellcasting   | 3 4 5 6 9 11 12 | 12.3
Dodging        | 3 4 5 |  5.6
Stealth        | 2 3 |  3.7
Ice Magic      | 5 6 7 8 |  8.8
Summonings     | 3 5 |  5.0
Fighting       | 3 6 8 10 | 10.0
Armour         | 3 6 9 10 | 10.9
Conjurations   | 3 5 |  5.0
Air Magic      | 3 5 |  5.0

Action                     |  1- 3 |  4- 6 |  7- 9 | 10-12 | 13-15 || total
---------------------------+-------+-------+-------+-------+-------++-------
  Melee: Unarmed           |    11 |     9 |       |       |       ||    20
         Dagger            |       |       |    51 |   129 |    13 ||   193
         Punch             |       |       |     1 |     4 |       ||     5
         Demon whip        |       |       |       |     4 |       ||     4
  Throw: Dart              |       |       |       |    12 |       ||    12
   Cast: Freeze            |    22 |    27 |    12 |    19 |       ||    80
         Frozen Ramparts   |     2 |     6 |    16 |    29 |     1 ||    54
         Ozocubu's Armour  |       |     3 |    11 |    23 |       ||    37
         Summon Ice Beast  |       |       |     2 |    17 |     1 ||    20
         Arcjolt           |       |       |       |       |     3 ||     3
  Evoke: Wand              |       |       |    12 |     2 |       ||    14
    Use: Potion            |       |     1 |     1 |     2 |     4 ||     8
         Scroll            |       |     7 |     2 |     6 |       ||    15
   Stab: Sleeping          |       |       |     1 |       |       ||     1
 Armour: Robe              |     5 |    17 |     7 |       |       ||    29
         Steam dragon scal |       |       |    20 |    93 |    12 ||   125
  Dodge: Dodged            |    10 |    23 |    45 |    93 |     8 ||   179
